 Dungeon Crawl Stone Soup version 0.30.1-9-gdf580d7c3d (webtiles) character file.

Game seed: 480419020290074361

14541 Ijustatesigmund the Geomancer (level 12, -3/64 HPs)
             Began as a Gargoyle Earth Elementalist on Oct 19, 2023.
             Was a Believer of the Shining One.
             Slain by a bone dragon (10 damage)
             ... on level 2 of the Abyss.
             The game lasted 00:34:58 (20020 turns).

Ijustatesigmund the Geomancer (GrEE)               Turns: 20020, Time: 00:34:59

Health: -3/64      AC: 21    Str: 11    XL:     12   Next: 17%
Magic:  6/24       EV: 10    Int: 22    God:    the Shining One [**....]
Gold:   682        SH:  4    Dex: 10    Spells: 24/28 levels left

rFire   + . .        w - staff of earth
rCold   . . .        I - +0 buckler
rNeg    + + .        s - +0 acid dragon scales
rPois   ∞            f - +1 helmet
rElec   +            (no cloak)
rCorr   +            B - +1 Delatra's gloves {ID++}
SInv    .            N - +0 pair of boots
Will    .....        (no amulet)
Stlth   +            k - ring of protection from fire
HPRegen 0.30/turn    (no ring)
MPRegen 0.19/turn

%: no passive effects
@: glowing
A: sickness immunity, AC +8, negative energy resistance 1, electricity
resistance, torment resistance 1, petrification resistance
a: Renounce Religion, Divine Shield


You were on level 2 of the Abyss.
You worshipped the Shining One.
The Shining One was pleased with you.
You visited 2 branches of the dungeon, and saw 13 of its levels.
You visited the Abyss 1 time.

You collected 823 gold pieces.
You spent 141 gold pieces at shops.

Inventory:

Hand Weapons
 e - a +2 eveningstar
Missiles
 C - 5 throwing nets
Armour
 a - a +0 troll leather armour
 f - a +1 helmet (worn)
 s - +0 acid dragon scales (worn)
 B - the +1 Delatra's gloves (worn) {ID++}
   (You found it on level 6 of the Dungeon)

   ID++:      It heals its wearer when they drink unknown potions, and restores
   their MP when they read unknown scrolls.
 I - a +0 buckler (worn)
 M - a +0 kite shield
 N - a +0 pair of boots (worn)
Magical Staves
 w - a staff of earth (weapon)
Jewellery
 k - a ring of protection from fire (left hand)
Wands
 i - a wand of polymorph (5)
 v - a wand of quicksilver (1)
 y - a wand of mindburst (6)
 F - a wand of flame (33)
 G - a wand of paralysis (13)
 L - a wand of iceblast (1)
Scrolls
 d - 3 scrolls of enchant weapon
 g - 3 scrolls of fog
 l - 2 scrolls of magic mapping
 p - 8 scrolls of teleportation
 q - 2 scrolls of enchant armour
 t - 8 scrolls of blinking
 x - 5 scrolls of identify
 J - a scroll of summoning
 K - a scroll of immolation
Potions
 c - 2 potions of haste
 h - 2 potions of cancellation
 j - 10 potions of curing
 m - 3 potions of berserk rage
 n - a potion of invisibility
 o - 3 potions of mutation
 r - a potion of brilliance
 u - a potion of attraction
 z - a potion of flight
 A - 2 potions of heal wounds
 D - 3 potions of ambrosia
 E - 2 potions of lignification
 O - a potion of might {unknown}


   Skills:
 - Level 3.1 Fighting
 - Level 2.0(2.5) Maces & Flails
 - Level 2.3(2.7) Staves
 + Level 4.8 Armour
 - Level 1.5 Dodging
 - Level 2.1 Stealth
 - Level 3.4 Shields
 + Level 8.6 Spellcasting
 + Level 9.7 Conjurations
 - Level 0.7 Transmutations
 + Level 11.4 Earth Magic
 + Level 8.4 Invocations
 - Level 4.1 Evocations


You had 24 spell levels left.
You knew the following spells:

 Your Spells              Type           Power      Damage    Failure   Level
a - Sandblast             Erth           100%       2d20      1%          1
b - Stone Arrow           Conj/Erth      100%       3d13      1%          3

Your spell library contained the following spells:

 Spells                   Type           Power      Damage    Failure   Level
 Magic Dart               Conj           100%       1d8       1%          1
 Passwall                 Tmut/Erth      44%        N/A       1%          2
 Searing Ray              Conj           100%       2d8       1%          2
 Dazzling Flash           Conj/Hex       60%        N/A       6%          3
 Petrify                  Tmut/Erth      53%        N/A       12%         4
 Summon Small Mammal      Summ           36%        N/A       16%         1
 Fulminant Prism          Conj/Hex       15%        3d10      21%         4
 Call Canine Familiar     Summ           9%         N/A       41%         3
 Frozen Ramparts          Ice            18%        1d3       41%         3
 Summon Guardian Golem    Hex/Summ       9%         N/A       41%         3
 Ice Form                 Ice/Tmut       11%        N/A       77%         4
 Summon Ice Beast         Ice/Summ       9%         N/A       83%         4
 Agony                    Necr           9%         N/A       99%         5
 Silence                  Hex/Air        4%         N/A       99%         5


Dungeon Overview and Level Annotations

Branches:
Dungeon (12/15)            Temple (1/1) D:5            Lair (0/5) D:9
    Orc (0/2) D:11

Altars:
Ashenzari
Cheibriados
Dithmenos
Elyvilon
Fedhas
Gozag
Hepliaklqana
Kikubaaqudgha
Makhleb
Nemelex Xobeh
Okawaru
Qazlal
Ru
Sif Muna
Trog
Uskayaw
Vehumet
Wu Jian
Xom
Yredelemnul
Zin
The Shining One

Shops:
D:2 *   D:3 ?   D:7 *   D:10 *


Innate Abilities, Weirdness & Mutations

You are immune to sickness and miasma.
Your stone body is resilient. (AC +8)
You are immune to poison.
You resist negative energy. (rN+)
You are resistant to electric shocks. (rElec)
You are resistant to unholy torment.
You are immune to petrification.


Message History

The bone dragon claws you. The bone dragon tramples you.
You hold your ground!
Casting: Stone Arrow (safe; 1% risk of failure)
Confirm with . or Enter, or press ? or * to list all spells.
Aiming: Stone Arrow (safe; 1% risk of failure)
Press: ? - help, Shift-Dir - straight line, f/p - bone dragon
Aim: a bone dragon (lightly damaged, haloed, 96% to hit)
You feel a surge of power!
The stone arrow hits the bone dragon!
The bone dragon is lightly damaged.
You block the bone dragon's attack.
The bone dragon claws you but does no damage.
The bone dragon tramples you.
You hold your ground!
Casting: Stone Arrow (safe; 1% risk of failure)
Confirm with . or Enter, or press ? or * to list all spells.
Aiming: Stone Arrow (safe; 1% risk of failure)
Press: ? - help, Shift-Dir - straight line, f/p - bone dragon
Aim: a bone dragon (lightly damaged, haloed, 96% to hit)
You feel a surge of power!
The stone arrow hits the bone dragon!
The bone dragon is moderately damaged.
The bone dragon barely misses you.
The bone dragon claws you but does no damage.
The bone dragon tramples you.
You hold your ground!
Aiming: Quicksilver Bolt
Press: ? - help, Shift-Dir - straight line, f/p - bone dragon
Aim: a bone dragon (moderately damaged, haloed, 96% to hit)
The bolt of dispelling energy hits the bone dragon.
The bone dragon is moderately damaged.
The bone dragon bites you but does no damage.
The bone dragon claws you. The bone dragon tramples you!
* * * LOW HITPOINT WARNING * * *
You hold your ground!
Aiming: Quicksilver Bolt
Press: ? - help, Shift-Dir - straight line, f/p - bone dragon
Aim: a bone dragon (moderately damaged, haloed, 96% to hit)
The bolt of dispelling energy hits the bone dragon!
The bone dragon is moderately damaged.
The bone dragon bites you but does no damage.
The bone dragon claws you.
* * * LOW HITPOINT WARNING * * *
The bone dragon tramples you!
You die...

#. . #.#
'# ####
. #@#.#
#
#.#D#.##
#.##.#
#+#'## +
. . ...
.
#......
.. .##.
.. # . .
## .


You could see a bone dragon.

Vanquished Creatures
  Harold (D:9)
  A two-headed ogre (D:11)
  A thrashing horror (Abyss:2)
  Urug (D:10)
  Nergalle (D:10)
  Pikel (D:6)
  2 wizards (D:12)
  A gargoyle (D:12)
  An ancient zyme (Abyss:2)
  A komodo dragon (D:9)
  A tormentor (Abyss:2)
  3 trolls
  Prince Ribbit (D:7)
  A hornet (D:7)
  Sigmund (D:2)
  A vampire (D:10)
  2 shadows (D:12)
  2 wraiths (D:10)
  13 yaks
  A small abomination (Abyss:2)
  The ghost of VerbalBBQ the Shield-Bearer, an amateur FoFi (D:4)
  2 steam dragons
  3 vampire mosquitoes (D:11)
  Menkaure (D:6)
  3 water moccasins
  2 acid dragons
  Duvessa (D:7)
  5 orc warriors
  An ice beast (D:7)
  A large abomination (Abyss:2)
  2 ogres
  4 centaurs
  2 lemures (D:5)
  A phantom (D:7)
  2 kobold brigands (D:8)
  5 bullfrogs
  A scorpion (D:5)
  2 gnoll sergeants
  Dowan (D:7)
  12 killer bees
  3 howler monkeys (D:11)
  A quasit (Abyss:2)
  A jelly (D:5)
  4 orc priests
  2 hounds
  A gnoll bouda (D:7)
  4 iguanas
  4 sleepcaps
  16 orc wizards
  Robin (D:2)
  17 gnolls
  9 adders
  A shadow imp (D:5)
  A white imp (D:8)
  5 dart slugs
  55 orcs
  13 endoplasms
  2 giant cockroaches
  16 goblins
  10 hobgoblins
  7 jackals
  21 kobolds
  5 quokkas
  6 ball pythons
  6 bats
  A frilled lizard (D:1)
  2 rats
303 creatures vanquished.

Notes
Turn   | Place    | Note
-------+----------+-------------------------------------------
     0 | D:1      | Ijustatesigmund the Gargoyle Earth Elementalist began the
                  | quest for the Orb.
     0 | D:1      | Reached XP level 1. HP: 10/10 MP: 3/3
   279 | D:1      | Reached XP level 2. HP: 11/16 MP: 3/5
   280 | D:1      | Reached skill level 1 in Fighting
   376 | D:1      | Reached skill level 4 in Earth Magic
   469 | D:1      | Reached XP level 3. HP: 20/20 MP: 1/6
   474 | D:1      | Learned a level 3 spell: Stone Arrow
  1284 | D:2      | Found Ompaev's General Store.
  1333 | D:2      | Bought a scroll of magic mapping for 90 gold pieces
  1392 | D:2      | Noticed Sigmund
  1399 | D:2      | Killed Sigmund
  1400 | D:2      | Reached skill level 5 in Earth Magic
  1400 | D:2      | Reached XP level 4. HP: 19/26 MP: 1/9
  1400 | D:2      | Reached XP level 5. HP: 22/30 MP: 1/10
  1772 | D:2      | Reached XP level 6. HP: 35/35 MP: 8/11
  1829 | D:2      | Noticed Robin
  1832 | D:2      | Killed Robin
  2413 | D:2      | Found a faded altar of an unknown god.
  2483 | D:3      | Found a stormy altar of Qazlal.
  2860 | D:3      | Found Zousirio's Magic Scroll Boutique.
  2868 | D:3      | Bought a scroll of identify for 24 gold pieces
  3368 | D:4      | Reached skill level 1 in Maces & Flails
  3774 | D:4      | Found a shadowy altar of Dithmenos.
  3850 | D:4      | Found a broken altar of Ashenzari.
  4013 | D:4      | Noticed VerbalBBQ's ghost (amateur FoFi)
  4030 | D:4      | Found a runed translucent gate.
  4030 | D:4      | Found a runed translucent gate.
  4031 | D:4      | Found a runed translucent gate.
  4103 | D:4      | Reached XP level 7. HP: 39/39 MP: 5/13
  4498 | D:4      | Noticed a steam dragon
  4524 | D:4      | Reached skill level 6 in Earth Magic
  4732 | D:4      | Killed a steam dragon
  4990 | D:5      | Entered Level 5 of the Dungeon
  5061 | D:4      | Killed VerbalBBQ's ghost
  5354 | D:5      | Reached XP level 8. HP: 29/46 MP: 6/15
  5586 | D:5      | Found a staircase to the Ecumenical Temple.
  5640 | Temple   | Entered the Ecumenical Temple
  5761 | Temple   | Became a worshipper of the Shining One
  5816 | D:5      | Reached skill level 1 in Invocations
  6158 | D:5      | Reached skill level 7 in Earth Magic
  6466 | D:5      | Reached skill level 5 in Spellcasting
  6466 | D:5      | Reached skill level 5 in Conjurations
  7353 | D:6      | Found a sparkling altar of Nemelex Xobeh.
  7360 | D:6      | Identified the +0 ring mail of Virucris {rF- rN+ Str+4
                  | Int+3}
  8198 | D:6      | Reached XP level 9. HP: 50/50 MP: 7/17
  8513 | D:6      | Reached skill level 8 in Earth Magic
  8829 | D:6      | Noticed Pikel
  8831 | D:6      | Noticed Menkaure
  8833 | D:6      | Killed Pikel
  8834 | D:6      | Reached skill level 1 in Staves
  8841 | D:6      | Killed Menkaure
  9347 | D:6      | Found the +1 Delatra's gloves {ID++}
  9772 | D:7      | Found Ceptaimm's Gadget Gallery.
  9775 | D:7      | Noticed Duvessa
  9775 | D:7      | Noticed Dowan
  9811 | D:7      | Killed Dowan
  9911 | D:7      | Noticed a hornet
  9915 | D:7      | Killed a hornet
  9916 | D:7      | Reached skill level 1 in Evocations
 10170 | D:7      | Killed Duvessa
 10171 | D:7      | Reached skill level 5 in Invocations
 10375 | D:7      | Noticed Prince Ribbit
 10389 | D:7      | Reached skill level 9 in Earth Magic
 10389 | D:7      | Reached XP level 10. HP: 50/56 MP: 15/19
 10389 | D:7      | Killed Prince Ribbit
 12101 | D:9      | Reached skill level 1 in Shields
 12345 | D:9      | Found a staircase to the Lair.
 12557 | D:9      | Noticed Harold
 12557 | D:9      | Reached * piety under the Shining One
 12565 | D:9      | Killed Harold
 13281 | D:9      | Reached skill level 10 in Earth Magic
 13284 | D:9      | Reached XP level 11. HP: 33/60 MP: 0/22
 14367 | D:8      | Reached skill level 1 in Armour
 14844 | D:10     | Entered Level 10 of the Dungeon
 15516 | D:10     | Found a shimmering altar of Xom.
 15517 | D:10     | Found a burning altar of Makhleb.
 15635 | D:10     | Found a blossoming altar of Fedhas.
 15856 | D:10     | Noticed Nergalle
 15861 | D:10     | Killed Nergalle
 15996 | D:10     | Found Vatoas's Assorted Antiques.
 16004 | D:10     | Bought a fizzy cyan potion for 27 gold pieces
 16065 | D:10     | Noticed Urug
 16073 | D:10     | Killed Urug
 16987 | D:10     | Found a radiant altar of Vehumet.
 17146 | D:11     | Noticed a two-headed ogre
 17150 | D:11     | Killed a two-headed ogre
 17258 | D:11     | Noticed a boulder beetle
 17681 | D:11     | Found a staircase to the Orcish Mines.
 18798 | D:11     | Reached ** piety under the Shining One
 19085 | D:11     | Reached skill level 11 in Earth Magic
 19644 | D:12     | Noticed a wizard
 19646 | D:12     | Killed a wizard
 19720 | D:12     | Noticed a wizard
 19722 | D:12     | Killed a wizard
 19723 | D:12     | Reached XP level 12. HP: 64/64 MP: 17/24
 19764 | Abyss:2  | Cast into level 2 of the Abyss (a wizard)
 19811 | Abyss:2  | Noticed a thrashing horror
 19829 | Abyss:2  | Killed a thrashing horror
 19954 | Abyss:2  | Noticed a thrashing horror
 20013 | Abyss:2  | Noticed a bone dragon
 20020 | Abyss:2  | Slain by a bone dragon

Illustrated notes

Levels and vault maps discovered:
D:1:      lemuel_arrival_muddy, layout_basic, minmay_misc_feat_hallway,
          minivault_26, minmay_unequal
D:2:      layout_basic, chequers_ecumenical_altar_simple_redux, serial_shops,
          shop, uniq_robin, uniq_sigmund
D:3:      layout_basic, nicolae_qazlal_eye_of_the_storm, serial_shops, shop
D:4:      minmay_clustersquares, layout_basic, grunt_dithmenos_smoke,
          overflow_temple_1_default, gammafunk_ghost_split
D:5:      layout_gridville, minmay_temple_entry_enclosed_plants,
          minmay_misc_feat_tiny
D:6:      layout_cave_pools, overflow_temple_1_default, serial_column_ruins,
          column_ruins_hut_ruined, column_ruins_hut_ruined,
          column_ruins_columns_straight, column_ruins_open_medium,
          column_ruins_grid_1, column_ruins_open_tiny_water,
          column_ruins_open_small, column_ruins_grid_1,
          pf_guarded_unrand_delatra, uniq_pikel, uniq_menkaure
D:7:      layout_layer_cave, nicolae_shop_gadgets, uniq_duvessa,
          uniq_prince_ribbit1
D:8:      layout_basic, grunt_ministairs_14
D:9:      layout_irregular_city, david_lair_shrubbed, serial_rivers,
          chequers_serial_rivers_room_b, chequers_serial_rivers_small_a,
          chequers_serial_rivers_micro_e, chequers_serial_rivers_small_3,
          uniq_harold
D:10:     layout_basic, mainiacjoe_overflow_alcove_4,
          chequers_temple_overflow_statue_of_worship, serial_shops, shop,
          minmay_fountain_box, uniq_urug, uniq_nergalle
D:11:     layout_basic, david_orc_2
D:12:     minmay_wizard_corner, layout_stronghold, serial_shops,
          nicolae_shop_back_alley_shop, kennysheep_path_1
Temple:   nicolae_temple_two_arcs
Abyss:2:  base: D:12, minivault_27, evilmike_abyss_exit_kraken

Skill      XL: |  1  2  3  4  5  6  7  8  9 10 11 |
---------------+----------------------------------+-----
Fighting       | 1 3 |  3.1
Earth Magic    | 4 5 6 7 9 10 11 | 11.4
Spellcasting   | 3 4 5 6 7 8 |  8.6
Conjurations   | 2 3 4 5 7 8 9 |  9.7
Maces & Flails | 1 2 |  2.0
Invocations    | 3 5 6 8 |  8.4
Staves         | 2 |  2.3
Evocations     | 1 3 4 |  4.1
Shields        | 3 |  3.4
Armour         | 4 |  4.8
Dodging        | |  1.5
Stealth        | |  2.1
Transmutations | |  0.7

Action                     |  1- 3 |  4- 6 |  7- 9 | 10-12 || total
---------------------------+-------+-------+-------+-------++-------
  Melee: Club              |     4 |       |       |       ||     4
         Mace              |       |    18 |     1 |       ||    19
         Great mace        |       |    12 |       |       ||    12
         Staff             |       |       |    67 |    68 ||   135
         Punch             |       |       |       |     1 ||     1
   Cast: Sandblast         |    45 |    58 |    22 |    22 ||   147
         Stone Arrow       |     1 |     6 |   114 |   206 ||   327
  Evoke: Wand              |       |       |     2 |    16 ||    18
    Use: Potion            |     1 |       |       |     4 ||     5
         Scroll            |       |     9 |    13 |     3 ||    25
   Stab: Sleeping          |       |     1 |       |       ||     1
 Armour: Robe              |    10 |    19 |    83 |    17 ||   129
         Skin              |       |       |       |    18 ||    18
         Acid dragon scale |       |       |       |    58 ||    58
         Troll leather arm |       |       |       |    22 ||    22
  Dodge: Dodged            |    26 |    31 |    86 |    85 ||   228
  Block: Buckler           |       |       |       |    26 ||    26
